 Dungeon Crawl Stone Soup version 0.19.0-2-gae57169 (webtiles) character file.

3437 lorenzova the Thaumaturge (level 9, -6/45 HPs)
             Began as a Deep Elf Conjurer on Nov 3, 2016.
             Was an Initiate of Vehumet.
             Shot with a bolt by an orc warrior (14 damage)
             ... in a bailey.
             The game lasted 00:20:16 (8185 turns).

lorenzova the Thaumaturge (Deep Elf Conjurer)       Turns: 8185, Time: 00:20:16

Health: -6/45      AC:  4    Str:  5    XL:     9   Next: 77%
Magic:  19/26      EV: 13    Int: 24    God:    Vehumet [......]
Gold:   205        SH:  3    Dex: 15    Spells: 3 memorised, 21 levels left

rFire  . . .     SeeInvis .     s - +1 spear (venom)
rCold  . . .     Gourm    .     a - +0 robe
rNeg   . . .     Faith    .     (no shield)
rPois  .         Spirit   .     (no helmet)
rElec  .         Reflect  +     (no cloak)
rCorr  .         Harm     .     v - +1 pair of gloves
MR     .....                    (no boots)
Stlth  ++........               u - +3 amulet of reflection
                                (no ring)
                                q - ring of flight

@: no status effects
A: no striking features
a: Renounce Religion, Evoke Flight


You were in a bailey.
You worshipped Vehumet.
Vehumet was noncommittal.
You were not hungry.

You visited 2 branches of the dungeon, and saw 8 of its levels.
You also visited: Bailey.

You collected 205 gold pieces.

Inventory:

Hand Weapons
 s - a +1 spear of venom (weapon)
Armour
 a - a +0 robe (worn)
 v - a +1 pair of gloves (worn)
 y - a +2 ring mail of magic resistance
 K - a +0 buckler
Jewellery
 q - a ring of flight (left hand)
 u - a +3 amulet of reflection (around neck)
 D - an uncursed ring of fire
Wands
 o - a wand of flame (29/48)
 G - a wand of confusion (27/48)
Scrolls
 f - a scroll of enchant armour
 g - a scroll of blinking {unknown}
 h - 2 scrolls of fear {unknown}
 k - 4 scrolls of remove curse
 t - a scroll of recharging {unknown}
 w - a scroll of teleportation {unknown}
 B - 2 scrolls of amnesia {unknown}
 E - a scroll of holy word {unknown}
 F - a scroll of fog {unknown}
Potions
 e - a potion of ambrosia
 i - 2 potions of agility
 l - 2 potions of resistance
 m - 2 potions of degeneration
 x - a potion of flight {unknown}
 A - a potion of lignification
 H - a potion of invisibility {unknown}
 I - a potion of cancellation {unknown}
Books
 b - a book of Conjurations

   Spells                             Type                      Level
   a - Magic Dart                     Conjuration                  1
   b - Searing Ray                    Conjuration                  2
   c - Dazzling Spray                 Conjuration/Hexes            3
   d - Fulminant Prism                Conjuration/Hexes            4
   e - Iskenderun's Mystic Blast      Conjuration                  4
   f - Iskenderun's Battlesphere      Conjuration/Charms           5
 d - a book of Debilitation

   Spells                             Type                      Level
   a - Corona                         Hexes                        1
   b - Slow                           Hexes                        2
   c - Gell's Gravitas                Hexes/Translocation          3
   d - Inner Flame                    Hexes/Fire                   3
   e - Cause Fear                     Hexes                        4
   f - Leda's Liquefaction            Hexes/Earth                  4
 z - a book of Maledictions

   Spells                             Type                      Level
   a - Corona                         Hexes                        1
   b - Ensorcelled Hibernation        Hexes/Ice                    2
   c - Confuse                        Hexes                        3
   d - Tukima's Dance                 Hexes                        3
   e - Dazzling Spray                 Conjuration/Hexes            3
 C - a book of Flames

   Spells                             Type                      Level
   a - Flame Tongue                   Conjuration/Fire             1
   b - Throw Flame                    Conjuration/Fire             2
   c - Conjure Flame                  Conjuration/Fire             3
   d - Inner Flame                    Hexes/Fire                   3
   e - Sticky Flame                   Conjuration/Fire             4
   f - Fireball                       Conjuration/Fire             5
Comestibles
 c - 2 bread rations
 r - 3 meat rations
 J - a beef jerky


   Skills:
 - Level 2.4 Dodging
 - Level 2.4 Stealth
 * Level 11.8 Spellcasting
 * Level 10.9 Conjurations
 + Level 7.6 Charms


You had 21 spell levels left.
You knew the following spells:

 Your Spells              Type           Power        Failure   Level  Hunger
a - Magic Dart            Conj           ####         1%          1    None
b - Iskenderun's Battles  Conj/Chrm      ######..     2%          5    ###....
c - Iskenderun's Mystic   Conj           ######..     1%          4    None


Dungeon Overview and Level Annotations

Branches:
Dungeon (7/15)             Temple (1/1) D:7

Altars:
Ashenzari
Cheibriados
Dithmenos
Elyvilon
Fedhas
Gozag
Hepliaklqana
Kikubaaqudgha
Makhleb
Nemelex Xobeh
Okawaru
Qazlal
Ru
Sif Muna
Trog
Uskayaw
Vehumet
Xom
Yredelemnul
Zin
The Shining One


Message History

Casting: Magic Dart
Confirm with . or Enter, or press ? or * to list all spells.
Aiming: Magic Dart
Press: ? - help, Shift-Dir - straight line, f/p - orc warrior
Aim: an orc warrior, wielding an arbalest and wearing a scale mail (heavily wounded)
The magic dart hits the orc warrior.
The orc warrior is severely wounded.
Your battlesphere fires!
The barrage of energy hits the orc warrior.
You kill the orc warrior!
Vehumet accepts your kill.
Unknown command.
You start resting.
Your battlesphere wavers and loses cohesion.
You start resting.
An orc warrior comes into view. It is wielding an arbalest.
There is a gate leading back out of this place here.
The orc warrior shouts!
The orc warrior shoots a bolt.
The bolt hits you!
You die...

##########
........@#
.o....(∩(#
.).......#
.........#
.........#
.).......#
≈≈.......#
#≈≈......#
##≈......#


You could see an orc warrior.

Vanquished Creatures
  Grinder (D:3)
  A hippogriff (D:7)
  Eustachio (D:5)
  Edmund (D:5)
  A sky beast (D:4)
  Duvessa (D:4)
  4 orc warriors
  A black bear (D:7)
  2 ice beasts
  6 ogres
  2 centaurs (D:6)
  Blork the orc (D:5)
  2 bullfrogs (D:6)
  A scorpion (D:6)
  Dowan (D:4)
  3 killer bees (D:7)
  A water moccasin skeleton (D:6)
  A howler monkey (D:7)
  A centaur zombie (D:5)
  4 orc priests (D:6)
  5 hounds
  A jelly (D:4)
  3 orc wizards
  Jessica (D:3)
  6 worker ants
  2 hound skeletons
  A worker ant zombie (D:5)
  9 adders
  2 shadow imps
  An ooze (D:1)
  4 worms
  2 dart slugs
  A leopard gecko (D:2)
  12 orcs
  5 bats
  12 giant cockroaches
  8 goblins
  16 hobgoblins
  2 jackals (D:6)
  A quokka (D:2)
  10 frilled lizards
  A giant cockroach zombie (D:6)
  A jackal skeleton (D:4)
  5 kobolds
  A leopard gecko skeleton (D:5)
  4 rats
152 creatures vanquished.

Notes
Turn   | Place    | Note
-------+----------+-------------------------------------------
     0 | D:1      | lorenzova the Deep Elf Conjurer began the quest for the Orb.
     0 | D:1      | Reached XP level 1. HP: 10/10 MP: 6/6
   285 | D:1      | Reached XP level 2. HP: 15/15 MP: 5/8
   715 | D:1      | Reached skill level 5 in Conjurations
   935 | D:1      | Reached XP level 3. HP: 19/19 MP: 8/10
  1217 | D:2      | Reached skill level 4 in Spellcasting
  1461 | D:2      | Reached XP level 4. HP: 24/24 MP: 10/12
  1478 | D:2      | Learned a level 4 spell: Iskenderun's Mystic Blast
  2497 | D:3      | Noticed Jessica
  2499 | D:3      | Killed Jessica
  2499 | D:3      | Reached skill level 5 in Spellcasting
  2730 | D:3      | Reached XP level 5. HP: 28/28 MP: 9/14
  2922 | D:3      | Noticed Grinder
  2928 | D:3      | Killed Grinder
  2928 | D:3      | Reached skill level 6 in Spellcasting
  2928 | D:3      | Reached XP level 6. HP: 23/32 MP: 2/17
  3021 | D:3      | Learned a level 5 spell: Iskenderun's Battlesphere
  3191 | D:4      | Reached skill level 1 in Charms
  3379 | D:4      | Reached skill level 7 in Spellcasting
  3624 | D:4      | Noticed a sky beast
  3635 | D:4      | Reached XP level 7. HP: 36/36 MP: 0/19
  4134 | D:4      | Noticed Dowan
  4135 | D:4      | Noticed Duvessa
  4154 | D:4      | Killed Dowan
  4285 | D:4      | Killed Duvessa
  4285 | D:4      | Reached skill level 8 in Spellcasting
  4697 | D:5      | Entered Level 5 of the Dungeon
  4697 | D:5      | Noticed Eustachio
  4843 | D:5      | Noticed Edmund
  4870 | D:5      | Killed Edmund
  4870 | D:5      | Reached XP level 8. HP: 15/41 MP: 1/22
  5312 | D:5      | Reached skill level 9 in Spellcasting
  5580 | D:5      | Found a hazy altar of Hepliaklqana.
  5663 | D:5      | Killed Eustachio
  5845 | D:5      | Reached skill level 5 in Charms
  6360 | D:5      | Noticed Blork the orc
  6364 | D:5      | Killed Blork the orc
  6719 | D:5      | Reached skill level 10 in Spellcasting
  6896 | D:6      | Found a bloodstained altar of Trog.
  6902 | D:6      | Reached XP level 9. HP: 28/45 MP: 14/25
  7213 | D:6      | Found a stormy altar of Qazlal.
  7213 | D:6      | Found a shimmering altar of Xom.
  7215 | D:6      | Found a hazy altar of Hepliaklqana.
  7215 | D:6      | Found an iron altar of Okawaru.
  7248 | D:6      | Found an opulent altar of Gozag.
  7248 | D:6      | Found a deep blue altar of Sif Muna.
  7348 | D:6      | Reached skill level 10 in Conjurations
  7526 | D:6      | Reached skill level 11 in Spellcasting
  8048 | D:7      | Found a staircase to the Ecumenical Temple.
  8048 | D:7      | Found a flagged portal.
  8109 | Temple   | Entered the Ecumenical Temple
  8114 | Temple   | Became a worshipper of Vehumet
  8131 | Bailey   | Entered a bailey
  8185 | Bailey   | Shot with a bolt by an orc warrior

Skill      XL: |  1  2  3  4  5  6  7  8  9 |
---------------+----------------------------+-----
Conjurations   | 5 6 7 8 9 10 | 10.9
Spellcasting   | 4 5 6 7 8 10 11 | 11.8
Charms         | 1 3 5 7 |  7.6
Dodging        | |  2.4
Stealth        | |  2.4

Action                   |  1- 3 |  4- 6 |  7- 9 || total
-------------------------+-------+-------+-------++-------
Melee: Unarmed           |     2 |       |       ||     2
       Spear             |       |     3 |    30 ||    33
 Cast: Magic Dart        |    67 |   100 |   160 ||   327
       Iskenderun's Myst |       |     4 |    33 ||    37
       Iskenderun's Batt |       |       |    24 ||    24
  Use: Scroll            |       |       |     9 ||     9
       Potion            |       |       |     4 ||     4
 Stab: Sleeping          |       |       |     1 ||     1
  Eat: Chunk             |     1 |     7 |    19 ||    27
Armor: Robe              |     4 |     6 |     9 ||    19
       Skin              |       |       |     2 ||     2
Dodge: Dodged            |     5 |     8 |    68 ||    81
Block: Other             |       |       |     8 ||     8
